AoeStats
← jOSOPEID

MegaRandom

509707428Analyzed
3v3 RM · 5d ago on Sep 27, 2026· 57m 32s· 6 players
Game mode
Random Map
Map size
Normal (6 player)
Population
200
Speed
Normal
Resources
Standard
Victory
Conquest
Starting age
Dark Age
Ending age
Imperial Age
RankedLock teamsTeams togetherTeam positionsShared explorationLock speedFull tech treeHidden civsTurbo modeCheats
Victory
Defeat
🇭🇺 Mongols · Hungary
795
+14
🇧🇷 Gurjaras · Brazil
788
+14
🇩🇪 Koreans · Germany
753
+16
🇳🇱 Vietnamese · Netherlands
853
-18
🇩🇪 Bohemians · Germany
700
-13
🇩🇪 Poles · Germany
699
-13
jOSOPEID
13:10 Feudal Age
20:51 Double-Bit Axe
27:43 Castle Age
27:53 Demolition Ship
32:13 Bow Saw
33:27 Fishing Lines
38:14 Imperial Age
36:29 Ballistics
39:40 Pikeman
IRAMODE
11:52 Feudal Age
18:31 Castle Age
16:34 Double-Bit Axe
17:33 Horse Collar
20:51 Padded Archer Armor
20:42 Fletching
23:06 Crossbowman
23:14 Crossbowman
29:29 Bow Saw
29:41 Bodkin Arrow
32:59 Ballistics
36:13 Wheelbarrow
35:23 Loom
39:55 Chemistry
42:41 Leather Archer Armor
46:42 Hand Cart
Estaak
11:22 Feudal Age
13:05 Wheelbarrow
14:18 Double-Bit Axe
18:27 Fletching
18:37 Padded Archer Armor
30:05 Scale Barding Armor
36:26 Castle Age
36:37 Crossbowman
36:38 Elite Skirmisher
37:24 Thumb Ring
38:27 Hand Cart
38:36 Fishing Lines
39:24 Bodkin Arrow
39:44 Leather Archer Armor
43:55 Ballistics
46:21 Guard Tower
47:35 Gold Mining
47:35 Stone Mining
56:54 Imperial Age
57:06 Elite Rattan Archer
57:54 Bracer
Pjoddiboy
1:03 Loom
15:22 Feudal Age
15:55 Man-at-Arms
16:28 Arson
18:00 Fletching
18:11 Scale Mail Armor
20:59 Wheelbarrow
28:10 Castle Age
28:11 Horse Collar
29:23 Bodkin Arrow
30:36 Husbandry
43:26 Heavy Plow
44:13 Town Watch
44:42 Gold Mining
46:22 Hand Cart
46:00 Double-Bit Axe
48:27 Bow Saw
48:42 Ballistics
48:19 Murder Holes
48:36 Fortified Wall
49:41 Masonry
53:46 Imperial Age
52:22 Gold Shaft Mining
52:05 Light Cavalry
54:07 Heavy Rocket Cart
54:58 Siege Engineers
55:54 Chemistry
55:26 Architecture
55:22 Conscription
55:04 Eupseong
55:24 Town Patrol
55:34 Stone Mining
55:08 Elite Skirmisher
56:16 Guilds
57:55 Thumb Ring
Kanye Best
3:54 Loom
12:06 Feudal Age
12:40 Double-Bit Axe
12:43 Horse Collar
18:50 Gold Mining
22:57 Castle Age
21:00 Fletching
21:13 Stone Mining
24:15 Medium Warships
24:08 Bodkin Arrow
24:17 Caravan
25:41 Bow Saw
25:36 Heavy Plow
27:17 Bloodlines
32:00 Murder Holes
32:14 Siphons
33:11 Forging
33:07 Scale Barding Armor
32:52 Town Watch
35:52 Gold Shaft Mining
37:24 Wheelbarrow
41:46 Imperial Age
43:00 Iron Casting
42:45 Chain Barding Armor
42:57 Conscription
43:01 Elite Mangudai
45:27 Chemistry
45:08 Heavy Warships
46:51 Fishing Lines
47:58 Hand Cart
48:09 Ballistics
48:04 Masonry
49:28 Town Patrol
51:16 Blast Furnace
50:21 Padded Archer Armor
52:56 Leather Archer Armor
52:42 Bracer
warrior 107574
0:32 Loom
11:07 Feudal Age
11:32 Horse Collar
11:43 Double-Bit Axe
11:50 Town Watch
13:21 Wheelbarrow
19:30 Castle Age
18:08 Fletching
18:25 Scale Barding Armor
19:22 Gold Mining
19:23 Stone Mining
26:21 Fortified Wall
27:15 Stone Shaft Mining
28:39 Ballistics
29:04 Arson
29:30 Scale Mail Armor
29:50 Man-at-Arms
31:18 Bow Saw
31:54 Forging
33:52 Long Swordsman
35:20 Kshatriyas
35:31 Heavy Plow
35:50 Fishing Lines
36:24 Husbandry
36:36 Bloodlines
37:11 Bodkin Arrow
37:12 Light Cavalry
38:53 Hand Cart
40:03 Medium Warships
42:26 Iron Casting
42:07 Chain Mail Armor
42:33 Chain Barding Armor
47:27 Gold Shaft Mining
52:34 Imperial Age
51:06 Thumb Ring
54:15 Hoardings
54:08 Conscription
54:25 Crop Rotation
54:26 Masonry
54:21 Two-Handed Swordsman
55:39 Elite Shrivamsha Rider
55:43 Heavy Camel Rider
Connection lost

Rejoining the realm…

Still unreachable

The connection could not be restored.

Session expired

The server has moved on; the page needs a fresh start.